 Dungeon Crawl Stone Soup version 0.30.1-9-gdf580d7c3d (webtiles) character file.

Game seed: 980414075835896770

32 Amplified the Vexing (level 3, 0/30 HPs)
             Began as a Hill Orc Hexslinger on Oct 5, 2023.
             Succumbed to an adder's poison
             ... on level 2 of the Dungeon.
             The game lasted 00:01:40 (902 turns).

Amplified the Vexing (Hill Orc Hexslinger)           Turns: 902, Time: 00:01:41

Health: 0/30       AC:  6    Str: 14    XL:     3   Next: 27%
Magic:  5/5        EV: 10    Int: 13    God:
Gold:   57         SH:  0    Dex: 11    Spells: 4/5 levels left

rFire   . . .        a - +1 sling
rCold   . . .        (no shield)
rNeg    . . .        e - +0 ring mail
rPois   .            (no helmet)
rElec   .            (no cloak)
rCorr   .            (no gloves)
SInv    .            d - +0 pair of boots
Will    .....        (no amulet)
Stlth   +            (no ring)
HPRegen 0.25/turn    (no ring)
MPRegen 0.09/turn

%: no passive effects
@: lethally poisoned (0 -> -3)
A: no striking features
a: no special abilities


You were on level 2 of the Dungeon.
You visited 1 branch of the dungeon, and saw 2 of its levels.

You collected 57 gold pieces.

Inventory:

Hand Weapons
 a - a +1 sling (weapon)
Armour
 d - a +0 pair of boots (worn)
 e - a +0 ring mail (worn)
Scrolls
 b - a scroll of poison
 h - a scroll of immolation


   Skills:
 * Level 2.3 Fighting
 - Level 1.7 Ranged Weapons
 * Level 1.6 Armour
 - Level 1.5 Dodging
 * Level 1.5 Spellcasting
 - Level 3.0 Hexes


You had 4 spell levels left.
You knew the following spells:

 Your Spells              Type           Power      Damage    Failure   Level
a - Slow                  Hex            32%        N/A       16%         1

Your spell library contained the following spells:

 Spells                   Type           Power      Damage    Failure   Level
 Inner Flame              Hex/Fire       4%         N/A       65%         3
 Portal Projectile        Hex/Tloc       8%         N/A       65%         3
 Cause Fear               Hex            4%         N/A       85%         4


Dungeon Overview and Level Annotations

Branches:
Dungeon (2/15)

Altars:


Message History

Fire: a) +1 sling
Press: ? - help, Q - select action, (/) - cycle Shift-Dir - straight line, f/p - adder
Aim: an adder (almost dead, 32% to hit)
You shoot a sling bullet.
The sling bullet closely misses the adder.
The adder bites you but does no damage. x2
Unknown command.
Fire: a) +1 sling
Press: ? - help, Q - select action, (/) - cycle Shift-Dir - straight line, f/p - adder
Aim: an adder (almost dead, 32% to hit)
You shoot a sling bullet. The sling bullet misses the adder.
The adder bites you but does no damage. The adder bites you.
* * * LOW HITPOINT WARNING * * *
You are lethally poisoned!
The adder poisons you!
Unknown command.
Fire: a) +1 sling
Press: ? - help, Q - select action, (/) - cycle Shift-Dir - straight line, f/p - adder
Aim: an adder (almost dead, 32% to hit)
You shoot a sling bullet.
The sling bullet barely misses the adder.
* * * LOW HITPOINT WARNING * * *
You feel very sick. The adder bites you but does no damage.
The adder closely misses you.
Unknown command.
Fire: a) +1 sling
Press: ? - help, Q - select action, (/) - cycle Shift-Dir - straight line, f/p - adder
Aim: an adder (almost dead, 32% to hit)
You shoot a sling bullet.
The sling bullet barely misses the adder.
* * * LOW HITPOINT WARNING * * *
You feel sick. The adder bites you but does no damage. The adder bites you.
* * * LOW HITPOINT WARNING * * *
Unknown command.
Fire: a) +1 sling
Press: ? - help, Q - select action, (/) - cycle Shift-Dir - straight line, f/p - adder
Aim: an adder (almost dead, 32% to hit)
You shoot a sling bullet. The sling bullet hits the adder.
You kill the adder!
You die...

#......###.####
#.#............#
..
##....###.##.## .
#.....#####..###
#..............#
#<#.#.###.#.###.#
#.##.#.# #.#.#
#.# ## #.#.#
#.#.###.# #....
..#..@†.# ..#
#######.# ...
#.....# #..
#.###.## #..#
#..# .......(.#
#####.##.# #. ..#


There were no monsters in sight!

Vanquished Creatures
  2 adders (D:2)
  2 dart slugs (D:1)
  3 endoplasms (D:1)
  A giant cockroach (D:1)
  A hobgoblin (D:1)
  2 kobolds (D:1)
  3 ball pythons (D:1)
  3 bats
  2 frilled lizards (D:1)
  A rat (D:1)
20 creatures vanquished.

Notes
Turn   | Place    | Note
-------+----------+-------------------------------------------
     0 | D:1      | Amplified the Hill Orc Hexslinger began the quest for the
                  | Orb.
     0 | D:1      | Reached XP level 1. HP: 16/16 MP: 2/2
    85 | D:1      | Reached XP level 2. HP: 24/24 MP: 3/3
    91 | D:1      | Reached skill level 1 in Armour
   893 | D:2      | Reached XP level 3. HP: 4/30 MP: 5/5
   902 | D:2      | Succumbed to an adder's poison

Illustrated notes

Levels and vault maps discovered:
D:1:      shiori_arrival_elements, layout_basic, st_stairs_5,
          minmay_misc_feat_tower
D:2:      layout_loops_ring, hellmonk_ecumenical_altar_leap_of_faith,
          serial_shops, shop, minmay_misc_feat_cross

Skill      XL: |  1  2 |
---------------+-------+-----
Armour         | 1 |  1.6
Fighting       | 2 |  2.3
Ranged Weapons | |  1.7
Dodging        | |  1.5
Spellcasting   | |  1.5
Hexes          | |  3.0

Action                     || total
---------------------------++-------
   Fire: Sling             ||    75
  Throw: Javelin           ||     2
    Use: Scroll            ||     2
         Potion            ||     1
 Armour: Robe              ||     4
         Ring mail         ||    23
  Dodge: Dodged            ||    38
